 Dungeon Crawl Stone Soup version 0.22-a0-587-g7d32d7c (webtiles) character file.

306 inc the Placeless Cat (level 6, 26/26 HPs)
             Began as a Felid Warper on July 4, 2018.
             Was a Follower of Sif Muna.
             Quit the game on level 7 of the Dungeon.
             The game lasted 00:12:06 (8730 turns).

inc the Placeless Cat (Felid Warper)                Turns: 8730, Time: 00:12:06

Health: 26/26      AC:  2    Str:  7    XL:     6   Next: 16%
Magic:  10/10      EV: 20    Int: 17    God:    Sif Muna [*.....]
Gold:   387        SH:  0    Dex: 15    Spells: 2/9 levels left
                                        Lives:  0   Deaths: 2

rFire    . . .     SeeInvis +     - Unarmed
rCold    . . .     Gourm    .   (shield unavailable)
rNeg     + . .     Faith    .   (armour unavailable)
rPois    .         Spirit   .   (helmet unavailable)
rElec    .         Reflect  .   (cloak unavailable)
rCorr    +         Harm     .   (gloves unavailable)
MR       .....                  (boots unavailable)
Stlth    ++........             (no amulet)
HPRegen  0.08/turn              s - ring of positive energy
MPRegen  0.12/turn              i - ring of resist corrosion

@: quick
A: very small, no armour, no weapons or thrown items, stealth, claws 1, fangs 3,
see invisible, carnivore, speed 1, shaggy fur 2, slow metabolism 1, sharp paws
a: Divine Energy, Renounce Religion


You were on level 7 of the Dungeon.
You worshipped Sif Muna.
Sif Muna was aware of your devotion.
You were not hungry.

You visited 2 branches of the dungeon, and saw 8 of its levels.

You collected 387 gold pieces.

Inventory:

Jewellery
 i - a ring of resist corrosion (right paw)
 s - a ring of positive energy (left paw)
Wands
 a - a wand of clouds (3)
 n - a wand of polymorph (14)
Scrolls
 b - a scroll of blinking
 e - 4 scrolls of identify
 f - a scroll of enchant armour {unknown}
 g - 2 scrolls of amnesia
 k - 2 scrolls of remove curse
 l - 2 scrolls of random uselessness
 p - 3 scrolls of teleportation
 r - a scroll of magic mapping {unknown}
 t - a scroll of enchant weapon
Potions
 d - 3 potions of might
 h - 2 potions of mutation
 j - a potion of invisibility {unknown}
 m - 2 potions of agility {unknown}
 o - 2 potions of cancellation
 q - 2 potions of brilliance {unknown}
 u - a potion of resistance {unknown}
Comestibles
 c - 11 rations


   Skills:
 - Level 2.0 Fighting
 + Level 5.1 Dodging
 - Level 5.7 Unarmed Combat
 - Level 2.0 Spellcasting
 - Level 11.1 Translocations


You had 2 spell levels left.
You knew the following spells:

 Your Spells              Type           Power        Failure   Level  Hunger
a - Blink                 Tloc           N/A          1%          2    ###....
b - Shroud of Golubria    Chrm/Tloc      ###.......   3%          2    ###....
c - Gell's Gravitas       Tloc           #####.....   1%          3    ###....

Your spell library contained the following spells:

 Spells                   Type           Power        Failure   Level  Hunger
 Teleport Other           Tloc           #####...     1%          3    ###....
 Passage of Golubria      Tloc           N/A          1%          4    #####..
 Lesser Beckoning         Tloc           #####.....   1%          3    ###....


Dungeon Overview and Level Annotations

Branches:
Dungeon (7/15)             Temple (1/1) D:4

Altars:
Ashenzari
Cheibriados
Dithmenos
Elyvilon
Fedhas
Kikubaaqudgha
Nemelex Xobeh
Okawaru
Qazlal
Ru
Sif Muna
Trog
Uskayaw
Vehumet
Wu Jian
Zin

Annotations:
D:3 2 transporters
D:5 1 runed door, sking99's ghost, novice TrMo


Innate Abilities, Weirdness & Mutations

You cannot wear armour.
You are incapable of wielding weapons or throwing items.
Your paws allow you to move quietly. (Stealth)
You have sharp claws.
You have razor-sharp teeth.
You have supernaturally acute eyesight. (SInv)
You are carnivorous and can eat meat at any time.
You cover ground quickly.
You are covered in thick fur. (AC +2)
You have a slow metabolism.
Your sharp claws are effective at attacking unaware monsters.


Message History

There is an open door here.
You scratch the bullfrog.
The bullfrog is lightly wounded.
The bullfrog misses you. The bullfrog closely misses you.
A gnoll comes into view. It is wielding a spear of piercing.
The gnoll shouts!
The bullfrog hits you.
* * * LOW HITPOINT WARNING * * *
Casting: Shroud of Golubria (safe; 3% risk of failure)
Confirm with . or Enter, or press ? or * to list all spells.
Aiming: Gell's Gravitas (safe; 1% risk of failure)
Press: ? - help, Dir - move target cursor Gravity reorients around empty space.
A giant cockroach comes into view.
The bullfrog hits you.
You die...
You are now level 6!
You rejoin the land of the living...
Are you sure you want to abandon this character and quit the game? (Confirm with "yes".)

#+# #.# #.#
######.###
#.....@..#
#.#.........#
##.....##.#
#.#.#.#
..###.# ...
.# ### #


There were no monsters in sight!

Vanquished Creatures
  An orc warrior (D:5)
  An ogre (D:4)
  A centaur (D:5)
  A gnoll sergeant (D:5)
  A wyvern skeleton (D:6)
  A water moccasin skeleton (D:6)
  2 howler monkeys
  2 crimson imps
  2 jellies (D:5)
  A bullfrog skeleton (D:6)
  3 hounds
  An iguana (D:3)
  4 worker ants
  A killer bee zombie (D:6)
  A hound skeleton (D:2)
  7 adders
  7 gnolls
  A shadow imp (D:5)
  An ooze (D:5)
  An adder skeleton (D:6)
  3 worms
  2 dart slugs
  A leopard gecko (D:6)
  11 orcs
  7 bats
  4 giant cockroaches
  7 goblins
  7 hobgoblins
  6 jackals
  A quokka (D:2)
  2 ball pythons
  6 frilled lizards
  7 kobolds
  A quokka skeleton (D:4)
  6 rats
111 creatures vanquished.

Notes
Turn   | Place    | Note
-------+----------+-------------------------------------------
     0 | D:1      | inc the Felid Warper began the quest for the Orb.
     0 | D:1      | Reached XP level 1. HP: 9/9 MP: 4/4
   309 | D:1      | Reached XP level 2. HP: 5/13 MP: 6/6
   496 | D:1      | Learned a level 2 spell: Shroud of Golubria
   499 | D:1      | Learned a level 2 spell: Blink
  1160 | D:1      | Reached XP level 3. HP: 5/16 MP: 7/7
  2084 | D:2      | Found a bloodstained altar of Trog.
  2379 | D:2      | Found a radiant altar of Vehumet.
  2468 | D:2      | Reached XP level 4. HP: 19/19 MP: 8/8
  3508 | D:3      | Found a white marble altar of Elyvilon.
  3538 | D:3      | Reached skill level 5 in Unarmed Combat
  3636 | D:3      | Found a transporter.
  3645 | D:3      | Reached XP level 5. HP: 22/22 MP: 9/9
  3663 | D:3      | Found a transporter.
  4142 | D:4      | Found a staircase to the Ecumenical Temple.
  4161 | Temple   | Entered the Ecumenical Temple
  4222 | Temple   | Became a worshipper of Sif Muna the Loreminder
  4560 | D:4      | Learned a level 3 spell: Gell's Gravitas
  4790 | D:4      | Noticed an ogre
  5444 | D:4      | Killed an ogre
  5444 | D:4      | Reached skill level 6 in Translocations
  5444 | D:4      | Gained mutation: You are covered in thick fur. (AC +2) [Felid growth]
  5444 | D:4      | Reached XP level 6. HP: 26/26 MP: 8/10
  5754 | D:5      | Entered Level 5 of the Dungeon
  5778 | D:4      | Reached skill level 7 in Translocations
  5863 | D:5      | Found a runed door.
  5863 | D:5      | Noticed sking99's ghost (novice TrMo)
  5926 | D:5      | Reached skill level 8 in Translocations
  5958 | D:5      | Reached XP level 7. HP: 17/30 MP: 9/11
  6462 | D:6      | Reached skill level 9 in Translocations
  6709 | D:6      | Reached * piety under Sif Muna
  6842 | D:6      | Reached skill level 10 in Translocations
  7449 | D:5      | Reached skill level 11 in Translocations
  7860 | D:5      | Reached XP level 8. HP: 16/33 MP: 10/12
  8423 | D:6      | Slain by an ice beast
  8424 | D:6      | Reached XP level 7. HP: -5/30 MP: 11/11
  8507 | D:6      | Reached skill level 5 in Dodging
  8597 | D:6      | Found an ancient bone altar of Kikubaaqudgha.
  8597 | D:6      | Found a sparkling altar of Nemelex Xobeh.
  8729 | D:7      | Slain by a bullfrog
  8730 | D:7      | Reached XP level 6. HP: -1/26 MP: 8/10
  8730 | D:7      | Quit the game

Vault maps used:
D:1:      dpeg_arrival_stone_temple_mockup
D:2:      vehumet_crystals, trog_book
D:3:      gammafunk_steamed_eel, first_ration, elyvilon_altar_4
D:4:      minmay_temple_entry_trees
D:5:      hellmonk_ghost_happy_afterlife
D:6:      nicolae_overflow_hidden_temple
D:7:      grunt_tough_drop
Temple:   minmay_temple_forest_path

Skill      XL: |  1  2  3  4  5  6  7 |
---------------+----------------------+-----
Unarmed Combat | 3 4 5 |  5.7
Translocations | 6 8 11 | 11.1
Dodging        | 5 |  5.1
Fighting       | |  2.0
Spellcasting   | |  2.0

Action                   |  1- 3 |  4- 6 |  7- 9 || total
-------------------------+-------+-------+-------++-------
Melee: Unarmed           |   160 |   163 |   192 ||   515
       Bite              |     7 |    13 |    13 ||    33
       Punch             |     1 |     1 |     4 ||     6
 Cast: Shroud of Golubri |    12 |    13 |    22 ||    47
       Gell's Gravitas   |       |     5 |    14 ||    19
  Use: Scroll            |       |       |    10 ||    10
 Stab: Sleeping          |     5 |     6 |     2 ||    13
       Distracted        |       |     1 |       ||     1
  Eat: Chunk             |     3 |     9 |     6 ||    18
Armor: Skin              |    12 |     4 |     7 ||    23
Dodge: Dodged            |   108 |   130 |   148 ||   386

Table legend:
 A = Spawn XP
 B = Non-spawn XP
 C = Spawn XP percentage of total XP
 D = Spawn monster count
 E = Non-spawn monster count
 F = Spawn count percentage of total count
 G = Total turns spent on level
                    A         B        C        D         E        F      G
               +---------+---------+-------+---------+---------+-------+---------
         Total |       0 |    1615 |   0.0 |       0 |     111 |   0.0 |  8730
               +---------+---------+-------+---------+---------+-------+---------
           D:1 |       0 |      49 |   0.0 |       0 |      28 |   0.0 |  1760
           D:2 |       0 |      55 |   0.0 |       0 |      15 |   0.0 |  1031
           D:3 |       0 |     110 |   0.0 |       0 |      20 |   0.0 |  1532
           D:4 |       0 |     214 |   0.0 |       0 |       9 |   0.0 |  1164
           D:5 |       0 |     685 |   0.0 |       0 |      21 |   0.0 |  1385
           D:6 |       0 |     451 |   0.0 |       0 |      17 |   0.0 |  1374
        Temple |       0 |      51 |   0.0 |       0 |       1 |   0.0 |   375
               +---------+---------+-------+---------+---------+-------+---------
